 Dungeon Crawl Stone Soup version 0.31.0-9-g3a7656b989 (webtiles) character file.

Game seed: 4166950325455954096

133 qw the Skirmisher (level 4, 0/25 HPs)
             Began as a Deep Elf Hunter on Feb 2, 2024.
             Succumbed to their own poison gas
             ... on level 3 of the Dungeon.
             The game lasted 00:00:07 (1855 turns).

qw the Skirmisher (Deep Elf Hunter)                 Turns: 1855, Time: 00:00:08

Health: 0/25       AC:  7    Str: 10    XL:     4   Next: 94%
Magic:  15/15      EV: 11    Int: 14    God:
Gold:   140        SH:  0    Dex: 18    Spells: 3/3 levels left

rFire   . . .        a - +0 shortbow
rCold   + . .        (shield currently unavailable)
rNeg    . . .        j - +0 ring mail
rPois   .            (no helmet)
rElec   .            (no cloak)
rCorr   .            d - +0 pair of gloves
SInv    .            g - +0 pair of boots
Will    .....        (no amulet)
Stlth   +            b - ring of the Sky {rC+ MP+9}
HPRegen 0.24/turn    (no ring)
MPRegen 0.14/turn

%: no passive effects
@: lethally poisoned (0 -> -1)
A: no striking features
a: no special abilities


You were on level 3 of the Dungeon.
You visited 1 branch of the dungeon, and saw 3 of its levels.

You collected 140 gold pieces.


   Skills:
 - Level 1.5 Fighting
 + Level 8.3 Ranged Weapons
 - Level 2.4 Dodging
 - Level 1.2 Stealth


You had 3 spell levels left.
You didn't know any spells.
Your spell library was empty.

Inventory:

Hand Weapons
 a - a +0 shortbow (weapon)
Armour
 d - a +0 pair of gloves (worn)
 g - a +0 pair of boots (worn)
 j - a +0 ring mail (worn)
Jewellery
 b - the ring of the Sky (left hand) {rC+ MP+9}
   (You found it on level 3 of the Dungeon)

   [ring of magical power]

   rC+:       It protects you from cold.
   MP+9:      It affects your magic capacity (+9).
Potions
 e - a potion of degeneration {unknown}
 f - a potion of mutation {unknown}
 i - a potion of resistance {unknown}
 l - a potion of curing {unknown}
 n - a potion of magic {unknown}

Dungeon Overview and Level Annotations

Branches:
Dungeon (3/15)

Altars:


Message History

As you read the scroll labelled WIFUDIJULY, it crumbles to dust.
It is a scroll of amnesia.
You feel forgetful for a moment.
Done exploring.
1845 ||| READING scroll labelled XEV MITARHUE.
The air fills with toxic fumes!
As you read the scroll labelled XEV MITARHUE, it crumbles to dust.
It was a scroll of poison.
Done exploring.
What level of the Dungeon? (default 3, ? - help) Sorry, I don't know how to get there.
Enter note:
Enter note:
Enter note:
Enter note:
Enter note:
Enter note:
Enter note:
Enter note:
Enter note: You are engulfed in poison gas.
You are poisoned.
You feel very sick.
1847 ||| Stepping ~*~*~tactically~*~*~ (cloud).
You feel very sick.
You see here an amulet of magic regeneration.
There is a lethal amount of poison in your body!
You feel very sick.
There is a lethal amount of poison in your body!
You feel sick.
There is a lethal amount of poison in your body!
You feel sick.
There is a lethal amount of poison in your body!
You feel sick.
There is a lethal amount of poison in your body!
You feel sick.
There is a lethal amount of poison in your body!
You feel sick.
There is a lethal amount of poison in your body!
You feel sick.
There is a lethal amount of poison in your body!
You die...

......###.###########...#
..............>.........#
...##...#0###############
...####<#¤0¤## .###
#..##¤0## ## ##.¤0.00## #
####00¤¤####### #
###¤00¤0¤0¤# # ##0¤@¤0¤.#
# ##..¤00¤# # ##¤¤¤¤0# #
#0¤¤00# #¤¤00¤# #0¤¤¤¤#
#######


There were no monsters in sight!

Vanquished Creatures
  3 gnolls (D:2)
  4 adders
  A dart slug (D:2)
  3 ribbon worms
  5 bats (D:1)
  7 endoplasms
  2 giant cockroaches
  5 hobgoblins
  A quokka (D:1)
  4 ball pythons
  3 frilled lizards
  7 goblins
  7 kobolds
  9 rats
61 creatures vanquished.

Notes
Turn   | Place    | Note
-------+----------+-------------------------------------------
     0 | D:1      | qw the Deep Elf Hunter began the quest for the Orb.
     0 | D:1      | Reached XP level 1. HP: 12/12 MP: 3/3
     0 | D:1      | 0 ||| qw: Version: 0.3-a-155-g5e7d8dd
     0 | D:1      | 0 ||| qw: Game counter: 1741
     0 | D:1      | 0 ||| qw: Melee chars always use a shield: true
     0 | D:1      | 0 ||| qw: God list: Okawaru
     0 | D:1      | 0 ||| qw: Allow faded altars: false
     0 | D:1      | 0 ||| qw: Do Orc after clearing Dungeon:15 true
     0 | D:1      | 0 ||| qw: Do second Lair branch before Depths: true
     0 | D:1      | 0 ||| qw: Lair rune preference: random
     0 | D:1      | 0 ||| qw: Goals: Normal
     0 | D:1      | 0 ||| PLANNING D:1-11
   147 | D:1      | Reached skill level 6 in Ranged Weapons
   147 | D:1      | Reached XP level 2. HP: 16/16 MP: 4/4
   505 | D:1      | 505 ||| UPGRADING to +0 pair of gloves.
   510 | D:1      | 510 ||| UPGRADING to +0 pair of boots.
   515 | D:1      | 515 ||| DROPPING scarf of shadows.
   516 | D:1      | 516 ||| READING scroll labelled ESOASU HARYM.
   617 | D:1      | 617 ||| DROPPING scroll of butterflies.
   697 | D:2      | Identified the +1 robe of Amelioration {Harm}
   720 | D:2      | Reached XP level 3. HP: 20/20 MP: 5/5
   779 | D:2      | Reached skill level 7 in Ranged Weapons
   942 | D:2      | 942 ||| RETREEEEATING.
   954 | D:2      | Reached XP level 4. HP: 21/25 MP: 6/6
  1008 | D:2      | Identified the +0 long sword of the Brewing Fox {flame, rC-
                  | Will- Int+9 SInv}
  1284 | D:2      | 1284 ||| UPGRADING to +1 robe of willpower.
  1294 | D:2      | 1294 ||| DROPPING +0 leather armour.
  1295 | D:2      | 1295 ||| DROPPING +1 robe of Amelioration {Harm}.
  1296 | D:2      | 1296 ||| UPGRADING to +0 ring mail.
  1306 | D:2      | 1306 ||| DROPPING +1 robe of willpower.
  1307 | D:2      | 1307 ||| READING scroll labelled RAJAQU ROANWAZ.
  1310 | D:2      | 1310 ||| READING scroll labelled XAM WYNNUKILUJ.
  1311 | D:2      | 1311 ||| READING scroll labelled LILIERR BUMN.
  1312 | D:2      | 1312 ||| READING scroll labelled DOAPLU SOJOO.
  1312 | D:2      | 1312 ||| IDENTIFYING fizzy red potion
  1313 | D:2      | 1313 ||| DROPPING potion of ambrosia.
  1417 | D:3      | Reached skill level 8 in Ranged Weapons
  1437 | D:3      | Identified the ring of the Sky {rC+ MP+9}
  1778 | D:3      | 1778 ||| DROPPING amulet of magic regeneration.
  1779 | D:3      | 1779 ||| UPGRADING to ring of the Sky {rC+ MP+9}.
  1844 | D:3      | 1844 ||| READING scroll labelled WIFUDIJULY.
  1845 | D:3      | 1845 ||| READING scroll labelled XEV MITARHUE.
  1847 | D:3      | 1847 ||| Stepping ~*~*~tactically~*~*~ (cloud).
  1849 | D:3      | HP: 6/25 [poisoned by you (poison gas)]
  1852 | D:3      | HP: 2/25 [poisoned by you (poison gas)]
  1855 | D:3      | Succumbed to their own poison gas

Levels and vault maps discovered:
D:1:      dpeg_arrival_court, layout_rooms, minmay_crystal_room
D:2:      layout_loops_ring, hex_large
D:3:      layout_rooms

Skill      XL: |  1  2  3  4 |
---------------+-------------+-----
Ranged Weapons | 6 7 8 |  8.3
Fighting       | |  1.5
Dodging        | |  2.4
Stealth        | |  1.2

Action                     |  1- 3 |  4- 6 || total
---------------------------+-------+-------++-------
   Fire: Shortbow          |   104 |    64 ||   168
    Use: Scroll            |     1 |     6 ||     7
 Armour: Leather armour    |    20 |     2 ||    22
         Ring mail         |       |     9 ||     9
  Dodge: Dodged            |    21 |    11 ||    32

Table legend:
 A = Non-vault XP
 B = Vault XP
 C = Vault XP percentage of total XP
 D = Non-vault monster count
 E = Vault monster count
 F = Vault count percentage of total count
                 A         B        C        D         E       F
            +---------+---------+-------+---------+---------+-------
      Total |     191 |       0 |   0.0 |      61 |       0 |   0.0
            +---------+---------+-------+---------+---------+-------
        D:1 |      38 |       0 |   0.0 |      26 |       0 |   0.0
        D:2 |      95 |       0 |   0.0 |      16 |       0 |   0.0
        D:3 |      58 |       0 |   0.0 |      19 |       0 |   0.0
            +---------+---------+-------+---------+---------+-------
